 Dungeon Crawl Stone Soup version 0.27-a0-412-g8dd771eca2 (webtiles) character file.

Game seed: 4061698553794092921

253212 liquidlegbone the Shatterer (level 19, -2/185 HPs)
             Began as a Minotaur Fighter on Feb 22, 2021.
             Was the Champion of Trog.
             Killed from afar by a starcursed mass (11 damage)
             ... with an accursed screaming
             ... on level 2 of the Abyss on Feb 23, 2021.
             The game lasted 05:56:53 (83664 turns).

liquidlegbone the Shatterer (Minotaur Fighter)     Turns: 83664, Time: 05:56:54

Health: -2/185     AC: 24    Str: 25    XL:     19   Next: 37%
Magic:  27/27      EV: 10    Int:  5    God:    Trog [******]
Gold:   2524       SH: 14    Dex: 10    Spells: 18/18 levels left

rFire    + . .     SeeInvis .   T - +6 morningstar (flame)
rCold    . . .     Faith    +   c - +0 kite shield
rNeg     + . .     Spirit   .   r - +1 plate armour
rPois    +         Reflect  .   (helmet restricted)
rElec    .         Harm     .   K - +1 cloak
rCorr    .         Rampage  .   C - +2 pair of gloves {Stlth+}
Will     ++...                  t - +2 pair of boots
Stlth    ..........             D - amulet of faith
HPRegen  0.00/turn              w - ring "Kayfot" {rF+ rN+ Will+ MP+9 Str-4}
MPRegen  0.20/turn              v - ring of poison resistance

@: non-regenerating, diseased
A: retaliatory headbutt, horns 2, deformed body
}: 1/15 runes: gossamer
a: Renounce Religion, Berserk, Trog's Hand, Brothers in Arms


You were on level 2 of the Abyss.
You worshipped Trog.
Trog was exalted by your worship.
You visited 6 branches of the dungeon, and saw 33 of its levels.
You visited the Abyss 1 time.

You collected 3440 gold pieces.
You spent 916 gold pieces at shops.

Inventory:

Hand Weapons
 z - the +3 flail "Sualaera" {speed, +Blink rElec Will- Str+6}
   (You bought it in a shop on level 2 of the Orcish Mines)

   Attacks with this weapon are significantly faster.
   It affects your strength (+6).
   It insulates you from electricity.
   It affects your willpower, your defense against some magical effects.
   It lets you blink.
 P - a +4 flail of draining
 Q - a +2 antimagic morningstar
 T - a +6 morningstar of flaming (weapon)
Missiles
 A - 78 boomerangs (quivered)
Armour
 c - a +0 kite shield (worn)
 r - a +1 plate armour (worn)
 t - a +2 pair of boots (worn)
 C - a +2 pair of gloves of stealth (worn)
 K - a +1 cloak (worn)
Jewellery
 a - the ring "Axzem" {rF++ rC- EV+4 Int+3 Stlth+}
   (You acquired it on level 14 of the Dungeon)

   [ring of evasion]

   It affects your evasion (+4).
   It affects your intelligence (+3).
   It greatly protects you from fire.
   It makes you vulnerable to cold.
   It makes you more stealthy.
 b - a ring of see invisible
 v - a ring of poison resistance (right hand)
 w - the ring "Kayfot" (left hand) {rF+ rN+ Will+ MP+9 Str-4}
   (You found it on level 11 of the Dungeon)

   [ring of protection from fire]

   It affects your strength (-4).
   It protects you from fire.
   It protects you from negative energy.
   It affects your willpower, your defense against some magical effects.
   It affects your magic capacity (+9).
 y - a ring of protection from fire
 D - an amulet of faith (around neck)
 E - a +4 ring of evasion
 J - a ring of protection from cold
 M - a ring of ice
Wands
 g - a wand of flame (29)
 j - a wand of polymorph (72)
 l - a wand of iceblast (10)
 o - a wand of digging (6)
 q - a wand of charming (16)
 s - a wand of paralysis (32)
 H - a wand of mindburst (34)
 I - a wand of acid (20)
Scrolls
 h - 5 scrolls of fear
 m - 3 scrolls of holy word
 n - 13 scrolls of teleportation
 p - 3 scrolls of blinking
 u - a scroll of magic mapping
 x - 5 scrolls of enchant weapon
 F - a scroll of fog
 G - 15 scrolls of identify
 S - a scroll of enchant armour
Potions
 d - 3 potions of resistance
 e - 2 potions of cancellation
 f - 4 potions of haste
 i - 5 potions of curing
 k - a potion of heal wounds
 B - 7 potions of flight
 L - a potion of might
 R - a potion of berserk rage


   Skills:
 + Level 20.2 Fighting
 - Level 23.4 Maces & Flails
 + Level 18.1 Armour
 - Level 7.0 Dodging
 - Level 15.0 Shields
 - Level 7.2 Evocations


You had 18 spell levels left.
You didn't know any spells.
Your spell library contained the following spells:

 Spells                   Type           Power        Failure   Level
 Corona                   Hex            0%           97%         1
 Foxfire                  Conj/Fire      0%           97%         1
 Ensorcelled Hibernation  Hex/Ice        0%           99%         2
 Confusing Touch          Hex            0%           100%        3
 Dazzling Flash           Conj/Hex       0%           100%        3
 Tukima's Dance           Hex            0%           100%        3


Dungeon Overview and Level Annotations

Branches:
Dungeon (15/15)            Temple (0/1) D:7            Lair (6/6) D:11
  Swamp (3/4) Lair:2       Spider (4/4) Lair:2        Slime (0/5) Lair:6
    Orc (2/2) D:11            Elf (0/3) Orc:2        Vaults (3/5) D:14
  Crypt (0/3) Vaults:3     Depths (0/5) D:15

Altars:
Dithmenos
Elyvilon
Gozag
Kikubaaqudgha
Makhleb
Nemelex Xobeh
Okawaru
Sif Muna
Trog
Beogh

Shops:
D:12 :   Orc:2 ([*(

Portals:
Trove: D:14 (give +8 demon blade)

Annotations:
D:6 3 runed translucent doors, Xavori's ghost, novice OpCK
D:10 3 runed translucent doors, SkeletonJelly's ghost, novice DrBr
Swamp:2 1 runed translucent door, Diuqaka's ghost, adept GrFi
Swamp:3 Nikola
Spider:4 Aizul


Innate Abilities, Weirdness & Mutations

You reflexively headbutt those who attack you in melee.
You have a pair of horns on your head.
Armour fits poorly on your strangely shaped body.


Message History

You headbutt the thrashing horror, but do no damage.
You block the thrashing horror's attack.
You puncture the thrashing horror!
The thrashing horror is heavily damaged.
The thrashing horror barely misses you.
The thrashing horror tramples you but does no damage.
You block the starcursed mass's attack.
You flatten the thrashing horror like a pancake!!!
You burn the thrashing horror.
You destroy the thrashing horror!
Trog accepts your kill.
The starcursed mass engulfs you but does no damage.
A starcursed mass splits.
You bludgeon the starcursed mass!! You burn the starcursed mass.
You destroy the starcursed mass!
Trog accepts your kill.
A starcursed mass splits.
You puncture the starcursed mass! You burn the starcursed mass!
The starcursed mass is almost destroyed.
The starcursed mass shudders and is absorbed by its neighbour.
A starcursed mass splits.
A deafening chorus of shrieks assaults your mind!
* * * LOW HITPOINT WARNING * * *
You suddenly lose the ability to move!
The starcursed mass engulfs you!
* * * LOW HITPOINT WARNING * * *
You can move again.
There is an open door, spattered with blood here.
You impale the starcursed mass!! You burn the starcursed mass.
You destroy the starcursed mass!
Trog accepts your kill.
A starcursed mass splits.
You block the starcursed mass's attack.
You bludgeon the starcursed mass!! You burn the starcursed mass.
You destroy the starcursed mass!
Trog accepts your kill. You block the starcursed mass's attack.
You hit the starcursed mass but do no damage.
The starcursed mass is moderately damaged.
You block the starcursed mass's attack.
A starcursed mass splits.
A deafening chorus of shrieks assaults your mind!
You die...

##'## ## #
'.......#
#..##.#...#.#
#.......#
....†...#
#.......#
#.....#.#
#.......#
##########@## ..
#......).XXX#.X..
#........XX.X.....
.........#.'.....
......#... .######
.'.... ......#
##...........#
#...........#
###'#########


You could see 6 starcursed masses.

Vanquished Creatures
  Saint Roka (Orc:2)
  A tentacled monstrosity (Swamp:2)
  Kirke (D:13)
  A tengu reaver (Vaults:3)
  A frost giant (D:12)
  4 vault wardens
  5 emperor scorpions
  2 ghost moths (Spider:4)
  An orc warlord (Orc:1)
  A ghost moth (shapeshifter) (D:15)
  7 ironheart preservers
  3 very ugly things (D:14)
  A deep elf demonologist (Vaults:1)
  4 entropy weavers
  Azrael (D:14)
  A spark wasp (Spider:4)
  A spark wasp (shapeshifter) (D:14)
  An eidolon (Abyss:2)
  Snorg (D:10)
  An ettin (Vaults:3)
  A fire dragon (Vaults:1)
  4 yaktaur captains
  4 deep elf death magi
  A great orb of eyes (Vaults:2)
  5 rakshasas
  2 ice dragons
  2 vault guards (Vaults:1)
  6 boulder beetles
  8 hydras
  6 ogre magi
  Erica (D:8)
  2 alligators
  2 catoblepae
  5 death knights
  A ghost crab (Swamp:1)
  3 centaur warriors
  26 two-headed ogres
  A deep troll shaman (Lair:6)
  17 death yaks
  2 orc high priests (Orc:2)
  A thrashing horror (Abyss:2)
  8 deep elf knights
  2 goliath frogs
  3 skeletal warriors (D:14)
  A sixfirhy (Abyss:2)
  2 unseen horrors
  A spatial maelstrom (Abyss:2)
  11 deep trolls
  A spriggan druid (Swamp:2)
  A phantasmal warrior (D:12)
  3 ironbrand convokers
  5 wizards
  A lindwurm (Lair:6)
  5 deep elf archers
  3 bog bodies
  14 orb spiders
  3 swamp dragons (Swamp:1)
  11 orc knights
  5 orc sorcerers
  19 wolf spiders
  A wolf spider zombie (D:13)
  8 deep elf zephyrmancers
  17 ugly things
  A cyclops (shapeshifter) (D:14)
  11 cyclopes
  15 slime creatures
  5 deep elf pyromancers
  2 manticores
  14 elephants
  2 centaur zombies
  2 will-o-the-wisps
  3 moths of wrath
  6 black mambas
  6 vault sentinels
  14 cane toads
  An orange demon (Abyss:2)
  A gargoyle (D:14)
  4 torpor snails
  Psyche (D:8)
  38 yaktaurs
  5 rime drakes
  9 komodo dragons
  A hellwing (Abyss:2)
  3 freezing wraiths
  12 trolls
  9 demonic crawlers
  2 ancient zymes (Abyss:2)
  5 tyrant leeches
  30 jumping spiders
  2 trolls (shapeshifter) (D:15)
  10 hornets
  A blink frog (shapeshifter) (Vaults:1)
  2 polar bears (shapeshifter)
  25 blink frogs
  7 dream sheep
  A shadow (D:11)
  34 starcursed masses (Abyss:2)
  8 wraiths
  24 tarantellas
  5 wyverns
  87 redbacks
  A vampire (D:15)
  3 basilisks
  65 yaks
  A redback simulacrum (D:14)
  4 fire elementals (D:14)
  A basilisk (shapeshifter) (D:15)
  3 small abominations (Abyss:2)
  A neqoxec (Abyss:2)
  A soldier ant (D:11)
  4 wargs
  4 acid dragons
  6 swamp worms
  An acid dragon (shapeshifter) (Abyss:2)
  2 hell hounds (D:14)
  15 water moccasins
  49 orc warriors
  A swamp drake (Swamp:2)
  4 sky beasts
  3 large abominations (Abyss:2)
  12 boggarts
  8 ice beasts
  2 black bears
  2 eyes of draining
  A necrophage (D:10)
  30 wolves
  5 centaurs
  29 ogres
  3 phantoms
  2 kobold brigands
  17 bullfrogs
  2 wyvern zombies
  6 scorpions
  6 killer bees
  25 wights
  2 howler monkeys
  A human simulacrum (Vaults:2)
  3 quasits
  2 bullfrog zombies
  5 jellies
  7 hounds
  A bullfrog skeleton (D:10)
  5 centaur skeletons
  37 orc priests
  An iguana (shapeshifter) (D:15)
  3 iguanas
  38 orc wizards
  4 hell rats (Lair:4)
  8 worker ants
  A killer bee zombie (D:8)
  A hound zombie (D:8)
  A hound skeleton (D:11)
  2 howler monkey zombies
  A gnoll (D:2)
  A howler monkey skeleton (D:7)
  12 adders
  A shadow imp (D:5)
  4 white imps
  An ufetubus (D:8)
  3 adder skeletons
  An adder zombie (D:9)
  A worm (D:2)
  5 dart slugs
  4 leopard geckos
  137 orcs
  6 bats
  2 bat zombies (D:6)
  8 giant cockroaches
  19 goblins
  3 hobgoblins
  10 jackals
  6 quokkas
  A ball python (D:2)
  3 frilled lizards
  16 kobolds
  2 leopard gecko skeletons (D:4)
  A quokka zombie (D:7)
  8 rats
1369 creatures vanquished.

Vanquished Creatures (collateral kills)
  An Executioner (Abyss:2)
  A deep elf knight (Vaults:1)
  An orb spider (Spider:4)
  2 wolf spiders (Spider:4)
  A raiju (Abyss:2)
  A redback (Spider:4)
  A large abomination (Abyss:2)
  A sky beast (Abyss:2)
  An orc warrior (Vaults:3)
  2 orcs (Orc:2)
12 creatures vanquished.

Vanquished Creatures (others)
  3 deep elf knights
  A bloated husk (Swamp:1)
  A redback (Spider:4)
  A tarantella (Spider:4)
  5 humans (D:14)
  An orc wizard (D:4)
  2 bushes
  22 foxfires
  54 fungi
  76 plants
166 creatures vanquished.

Grand Total: 1547 creatures vanquished

Notes
Turn   | Place    | Note
-------+----------+-------------------------------------------
     0 | D:1      | liquidlegbone the Minotaur Fighter began the quest for the
                  | Orb.
     0 | D:1      | Reached XP level 1. HP: 19/19 MP: 0/0
   147 | D:1      | Reached skill level 3 in Maces & Flails
   174 | D:1      | Reached XP level 2. HP: 26/26 MP: 1/1
   318 | D:1      | Reached skill level 4 in Maces & Flails
   711 | D:1      | Reached XP level 3. HP: 31/31 MP: 2/2
  1198 | D:2      | Reached skill level 5 in Maces & Flails
  1370 | D:2      | Reached XP level 4. HP: 35/39 MP: 3/3
  1456 | D:2      | Found a shimmering blue altar of Sif Muna.
  1521 | D:2      | Identified Sif Muna's Reference Book on Scorching
                  | Confrontation
  1528 | D:2      | Found a bloodstained altar of Trog.
  2348 | D:3      | Reached skill level 6 in Maces & Flails
  3212 | D:4      | Reached XP level 5. HP: 45/45 MP: 4/4
  3343 | D:4      | Reached skill level 7 in Maces & Flails
  3698 | D:4      | Noticed an ogre
  3701 | D:4      | Reached XP level 6. HP: 30/51 MP: 5/5
  3706 | D:4      | Reached skill level 8 in Maces & Flails
  4401 | D:5      | Entered Level 5 of the Dungeon
  5352 | D:5      | Reached skill level 9 in Maces & Flails
  5357 | D:5      | Reached XP level 7. HP: 44/57 MP: 6/6
  6186 | D:6      | Found an opulent altar of Gozag.
  6236 | D:5      | Reached skill level 10 in Maces & Flails
  6510 | D:2      | Became a worshipper of Trog the Wrathful
  6672 | D:6      | Found an ancient bone altar of Kikubaaqudgha.
  6707 | D:6      | Found a runed translucent gate.
  6708 | D:6      | Found a runed translucent gate.
  6708 | D:6      | Found a runed translucent gate.
  6708 | D:6      | Noticed Xavori's ghost (novice OpCK)
  6846 | D:6      | Reached skill level 11 in Maces & Flails
  6882 | D:6      | Reached XP level 8. HP: 63/64 MP: 7/7
  7089 | D:6      | Found an ancient bone altar of Kikubaaqudgha.
  7425 | D:7      | Found a staircase to the Ecumenical Temple.
  7836 | D:7      | Found a runed translucent door.
  7906 | D:7      | Reached skill level 12 in Maces & Flails
  8457 | D:7      | Reached * piety under Trog
  8766 | D:7      | Found a roughly hewn altar of Beogh.
  9090 | D:8      | Noticed Psyche
  9094 | D:8      | Killed Psyche
  9095 | D:8      | Reached skill level 13 in Maces & Flails
  9120 | D:8      | Noticed a two-headed ogre
  9130 | D:8      | Killed a two-headed ogre
  9131 | D:8      | Reached skill level 14 in Maces & Flails
  9131 | D:8      | Reached XP level 9. HP: 22/70 MP: 3/8
 10377 | D:8      | Reached skill level 15 in Maces & Flails
 10473 | D:8      | Noticed Erica
 10499 | D:8      | Reached ** piety under Trog
 10681 | D:8      | HP: 3/70 [poisoned by Erica (bolt of poison)]
 11068 | D:8      | Reached skill level 16 in Maces & Flails
 11151 | D:8      | Reached XP level 10. HP: 74/77 MP: 9/9
 11495 | D:8      | Killed Erica
 11705 | D:9      | Reached skill level 17 in Maces & Flails
 12054 | D:9      | Found Orphohes's Antique Armour Shoppe.
 12148 | D:9      | Reached *** piety under Trog
 13179 | D:10     | Entered Level 10 of the Dungeon
 13188 | D:9      | Reached skill level 18 in Maces & Flails
 14102 | D:10     | Noticed a two-headed ogre
 14113 | D:10     | Killed a two-headed ogre
 14114 | D:10     | Reached XP level 11. HP: 73/82 MP: 10/10
 14463 | D:10     | Reached skill level 19 in Maces & Flails
 14869 | D:10     | Found a sparkling altar of Nemelex Xobeh.
 14870 | D:10     | Noticed an unseen horror
 14892 | D:10     | Killed an unseen horror
 14957 | D:10     | Found a runed translucent gate.
 14957 | D:10     | Found a runed translucent gate.
 14959 | D:10     | Found a runed translucent gate.
 14959 | D:10     | Found an opulent altar of Gozag.
 14961 | D:10     | Noticed a great orb of eyes
 14962 | D:10     | Noticed SkeletonJelly's ghost (novice DrBr)
 15185 | D:11     | Noticed Snorg
 15201 | D:10     | Killed Snorg
 15834 | D:11     | Reached skill level 20 in Maces & Flails
 16282 | D:11     | Noticed a purple ugly thing
 16306 | D:11     | Killed a purple ugly thing
 17050 | D:11     | Reached **** piety under Trog
 17338 | D:11     | Found a staircase to the Orcish Mines.
 17410 | D:11     | Got a fine bone ring
 17442 | D:11     | Found a staircase to the Lair.
 17521 | D:11     | Reached XP level 12. HP: 52/90 MP: 11/11
 18099 | Lair:1   | Entered Level 1 of the Lair of Beasts
 18105 | Lair:1   | Reached skill level 21 in Maces & Flails
 18714 | Lair:1   | Noticed a five-headed hydra
 18723 | Lair:1   | Killed a five-headed hydra
 18964 | Lair:1   | HP: 6/135 [yak (11)]
 19651 | Lair:1   | Reached skill level 22 in Maces & Flails
 20819 | Lair:2   | Noticed a four-headed hydra
 20828 | Lair:2   | Killed a four-headed hydra
 21190 | Lair:2   | Noticed an eight-headed hydra
 21217 | Lair:2   | Killed an eight-headed hydra
 21300 | Lair:2   | Reached ***** piety under Trog
 21359 | Lair:2   | Found a hole to the Spider Nest.
 22133 | Lair:2   | Reached skill level 23 in Maces & Flails
 22159 | Lair:2   | You fall into a shaft and drop 2 floors!
 22306 | Lair:4   | Reached XP level 13. HP: 85/95 MP: 12/12
 22944 | Lair:3   | You fall into a shaft and drop 1 floor!
 23517 | Lair:2   | Received a gift from Trog
 23853 | Lair:2   | Found a staircase to the Swamp.
 24431 | Lair:2   | Identified the ring "Kayfot" {rF+ rN+ Will+ MP+9 Str-4}
                  | (You found it on level 11 of the Dungeon)
 26065 | Lair:4   | Reached skill level 5 in Armour
 26181 | Lair:4   | Reached skill level 5 in Fighting
 31192 | Lair:6   | Entered Level 6 of the Lair of Beasts
 31376 | Lair:6   | Reached XP level 14. HP: 117/118 MP: 13/13
 32291 | Lair:5   | Reached skill level 10 in Fighting
 32753 | Lair:6   | Noticed Sonja
 32755 | Lair:6   | Noticed Sonja
 32755 | Lair:6   | Sonja changed into Sonja the rime drake
 32764 | Lair:6   | Killed Sonja the rime drake
 33253 | Lair:5   | Reached skill level 5 in Shields
 33350 | Lair:6   | Found a staircase to the Slime Pits.
 36609 | Orc:1    | Entered Level 1 of the Orcish Mines
 36747 | Orc:2    | Entered Level 2 of the Orcish Mines
 36747 | Orc:2    | Found a staircase to the Elven Halls.
 36830 | Orc:2    | Found a roughly hewn altar of Beogh.
 37375 | Orc:2    | Noticed an orc warlord
 37853 | Orc:1    | Killed an orc warlord
 38777 | Orc:2    | Paralysed by an orc sorcerer for 4 turns
 38884 | Orc:2    | Found a roughly hewn altar of Beogh.
 38910 | Orc:2    | Noticed Saint Roka
 39160 | Orc:2    | Killed Saint Roka
 39663 | Orc:2    | Found a roughly hewn altar of Beogh.
 39744 | Orc:2    | Found a burning altar of Makhleb.
 39781 | Orc:2    | Found a roughly hewn altar of Beogh.
 39966 | Orc:2    | Found Pabenuto's Antique Weapon Boutique.
 40178 | Orc:2    | Found a roughly hewn altar of Beogh.
 40186 | Orc:2    | Found Niarhugg's Assorted Antiques.
 40280 | Orc:2    | Found a roughly hewn altar of Beogh.
 40501 | Orc:2    | Found Ichievy's Antique Weapon Shop.
 40924 | Orc:2    | Found Guremy's Antique Armour Boutique.
 40925 | Orc:2    | Found a roughly hewn altar of Beogh.
 41113 | D:10     | Got a spiked ring mail
 41124 | D:10     | Identified the +2 ring mail of Decompression {-Tele rF+
                  | rC++} (You found it on level 10 of the Dungeon)
 41274 | Lair:3   | Got a crude ring mail
 41275 | Lair:3   | Identified the +4 ring mail "Rodeloak" {Dex+5} (You found
                  | it on level 3 of the Lair of Beasts)
 41350 | Lair:5   | Got an ichor-stained scale mail
 41351 | Lair:5   | Identified the +1 scale mail "Uselytesh" {rPois Will- Int+6
                  | Dex+4} (You found it on level 5 of the Lair of Beasts)
 41610 | Orc:2    | Bought a brightly glowing flail for 229 gold pieces
 41614 | Orc:2    | Identified the +3 flail "Sualaera" {speed, +Blink rElec
                  | Will- Str+6} (You bought it in a shop on level 2 of the
                  | Orcish Mines)
 41794 | Orc:2    | Bought an ichor-stained chain mail for 237 gold pieces
 41796 | Orc:2    | Identified the +7 chain mail "Tosemy" {-Tele Str+3 Int+2}
                  | (You bought it in a shop on level 2 of the Orcish Mines)
 41805 | Orc:2    | Bought a translucent scale mail for 225 gold pieces
 41820 | Orc:2    | Identified the +2 scale mail "Moshouh" {rCorr MP+9} (You
                  | bought it in a shop on level 2 of the Orcish Mines)
 41830 | Orc:2    | Bought an encrusted scale mail for 225 gold pieces
 41837 | Orc:2    | Identified the +0 scale mail of the Eternal Fruit {Stlth+}
                  | (You bought it in a shop on level 2 of the Orcish Mines)
 42431 | Orc:1    | You fall into a shaft and drop 1 floor!
 42530 | Orc:1    | Received a gift from Trog
 43025 | D:12     | Reached skill level 10 in Shields
 43039 | D:11     | Reached XP level 15. HP: 105/135 MP: 14/14
 43348 | D:12     | Noticed a frost giant
 43370 | D:12     | Killed a frost giant
 44286 | D:12     | Found Hony's Book Shop.
 45237 | D:13     | Reached skill level 10 in Armour
 45811 | D:12     | Received a gift from Trog
 47253 | D:14     | Noticed Azrael
 47321 | D:14     | Noticed Kirke
 47325 | D:14     | Killed Azrael
 47332 | D:14     | Noticed a sphinx
 47736 | D:13     | Killed Kirke
 47929 | D:14     | Found a portal to a secret trove of treasure.
 48330 | D:14     | Found an iron altar of Okawaru.
 50258 | D:14     | Found a gate to the Vaults.
 50521 | D:15     | Entered Level 15 of the Dungeon
 51699 | D:15     | Noticed a ghost moth
 51713 | D:15     | Killed a ghost moth
 52149 | D:15     | Received a gift from Trog
 52624 | D:14     | Identified a scroll of acquirement
 52631 | D:14     | Acquired the ring "Axzem" {rF++ rC- EV+4 Int+3 Stlth+}
 52873 | D:15     | Found a staircase to the Depths.
 53363 | Lair:6   | Reached XP level 16. HP: 145/145 MP: 15/15
 54010 | Spider:1 | Entered Level 1 of the Spider Nest
 54011 | Spider:1 | You fall into a shaft and drop 1 floor!
 54211 | Spider:1 | Reached skill level 1 in Evocations
 54334 | Spider:1 | You fall into a shaft and drop 1 floor!
 56739 | Spider:2 | Received a gift from Trog
 57795 | Spider:3 | Reached skill level 15 in Fighting
 57939 | Spider:3 | Reached skill level 5 in Evocations
 59748 | Spider:4 | Entered Level 4 of the Spider Nest
 60099 | Spider:3 | Reached ****** piety under Trog
 61628 | Spider:4 | Received a gift from Trog
 62810 | Spider:4 | Reached XP level 17. HP: 145/158 MP: 16/16
 63009 | Spider:4 | Reached skill level 1 in Dodging
 64716 | Spider:4 | Got a gossamer rune of Zot
 64735 | Spider:4 | Noticed Aizul
 65202 | Swamp:1  | Entered Level 1 of the Swamp
 65896 | Swamp:1  | Found a shadowy altar of Dithmenos.
 66316 | Swamp:1  | Received a gift from Trog
 66789 | Swamp:2  | Found a runed translucent door.
 66796 | Swamp:2  | Noticed Diuqaka's ghost (adept GrFi)
 66919 | Swamp:2  | Noticed a tentacled monstrosity
 66928 | Swamp:2  | Killed a tentacled monstrosity
 67674 | Swamp:3  | Noticed Nikola
 68224 | Vaults:1 | Entered Level 1 of the Vaults
 68257 | Vaults:1 | Upgraded the game from 0.27-a0-406-g23f261fbd2 to
                  | 0.27-a0-412-g8dd771eca2
 68330 | Vaults:1 | Reached skill level 5 in Dodging
 68670 | Vaults:1 | Reached skill level 15 in Shields
 68810 | Vaults:1 | Received a gift from Trog
 68822 | Vaults:1 | Noticed an Ice Fiend
 70680 | Vaults:1 | HP: 6/162 [cyan very ugly thing (19)]
 71633 | D:14     | Reached XP level 18. HP: 133/170 MP: 17/17
 72891 | Vaults:1 | Reached skill level 15 in Armour
 73435 | Vaults:1 | Received a gift from Trog
 76149 | Vaults:2 | Received a gift from Trog
 76869 | Vaults:2 | Found a white marble altar of Elyvilon.
 76943 | Vaults:2 | Noticed a tentacled monstrosity
 79004 | Vaults:2 | Received a gift from Trog
 79829 | Vaults:3 | HP: 1/176 [deep troll[an ironheart preserver] (13)]
 80885 | Vaults:3 | Reached XP level 19. HP: 153/183 MP: 18/18
 81967 | Vaults:3 | Found a staircase to the Crypt.
 82519 | Vaults:3 | Received a gift from Trog
 82967 | Vaults:3 | Cast into level 2 of the Abyss (a wizard)
 83054 | Abyss:2  | Found a corrupted altar of Lugonu.
 83225 | Abyss:2  | Gained mutation: Armour fits poorly on your strangely
                  | shaped body. [a neqoxec]
 83333 | Abyss:2  | Paralysed by accursed screaming for 1 turns
 83343 | Abyss:2  | Paralysed by accursed screaming for 1 turns
 83350 | Abyss:2  | Paralysed by accursed screaming for 1 turns
 83388 | Abyss:2  | Received a gift from Trog
 83411 | Abyss:2  | Paralysed by accursed screaming for 1 turns
 83504 | Abyss:2  | Paralysed by accursed screaming for 1 turns
 83661 | Abyss:2  | Paralysed by accursed screaming for 1 turns
 83661 | Abyss:2  | HP: 9/185 [starcursed mass (9)]
 83664 | Abyss:2  | Killed from afar by a starcursed mass

Illustrated notes

Levels and vault maps discovered:
D:1:      lemuel_arrival_cross, layout_basic, kennysheep_small_spiral
D:2:      layout_basic, nzn_overflow_gifts_of_might_and_magic, minmay_bisected
D:3:      layout_basic, minmay_misc_feat_rows
D:4:      cheibrodos_quashed, layout_basic, serial_forest,
          infiniplex_forest_straight_3, infiniplex_forest_split,
          infiniplex_forest_end_1, infiniplex_forest_end_2,
          infiniplex_forest_end_3, infiniplex_forest_clump_small,
          infiniplex_forest_clump_long, infiniplex_forest_clump_small,
          infiniplex_forest_clump_double, infiniplex_forest_straight_3
D:5:      layout_gridville
D:6:      layout_cave_pools, lemuel_zombie_altar_kikubaaqudgha,
          overflow_temple_1_default, basic_altar, gammafunk_ghost_split
D:7:      layout_basic, minmay_temple_entry_large_hall, lightli_church_of_beogh
D:8:      minmay_polygon_palace, layout_basic, uniq_psyche, uniq_erica
D:9:      layout_cave_pods, serial_shops, shop_fountains
D:10:     cheibrodos_helix_gallery, layout_loops_ring, ebering_ghost_gozag,
          basic_altar
D:11:     layout_roguey, lair_entry_dummy, david_orc_4,
          grunt_decor_mini_mirrors, kb_lookout_dungeons_type,
          statue_in_the_mist_lemuel, uniq_snorg
D:12:     cheibrodos_monumental, layout_loops_ring, serial_shops, shop
D:13:     layout_rooms
D:14:     layout_stronghold, david_vaults_4, enter_bailey_4,
          nicolae_trove_entry_free_sample, basic_altar,
          chequers_serial_rivers_micro_e, uniq_azrael, uniq_kirke
D:15:     gammafunk_enter_depths_forms, layout_basic, serial_corexii_hall,
          corexii_hall_statues_u, corexii_hall_statues_t,
          corexii_leaking_fountain
Lair:1:   layout_concentric_octagons
Lair:2:   layout_cave_pods, minmay_swamp_entry_worms, spider_nest_entry_webs,
          fungi_pond_lemuel
Lair:3:   layout_layer_cave
Lair:4:   layout_small_grid
Lair:5:   layout_big_grid, chequers_serial_rivers_marsh, grunt_megastairs_1
Lair:6:   grunt_lair_end_beastmaster, layout_small_grid, slime_dummy,
          nicolae_volcano_entry_s_turn, uniq_sonja
Swamp:1:  layout_falls_marsh, evilmike_swamp_ruin_house_4, swamp_pool4,
          nicolae_swamp_triple_paths, lemuel_altar_in_water
Swamp:2:  layout_falls_marsh, ebering_ghost_reflecting_pool,
          evilmike_swamp_ruin_house_3, swamp_pool1
Swamp:3:  cheibrodos_swamp_heart_of_darkness, layout_basic_swamp,
          evilmike_swamp_ruin_house_2, uniq_nikola
Spider:1: layout_spider_delve
Spider:2: layout_spider_delve
Spider:3: layout_chambers, nicolae_spider_stair_cavern
Spider:4: grunt_spider_rune_parallel, drop_trap, uniq_aizul
Orc:1:    layout_caves
Orc:2:    grunt_orc_community_town_hall, layout_diamond_mine,
          grunt_orc_community_big_house_2, grunt_orc_community_big_house_1,
          grunt_orc_community_house_1, grunt_orc_community_house_3,
          grunt_orc_community_house_1, grunt_orc_community_house_3,
          grunt_orc_community_house_2, grunt_orc_community_house_2, basic_altar,
          nicolae_orc_damp_corner, uniq_saint_roka
Vaults:1: vaults_room_stairs_pillars, hangedman_vaults_slither, v_misc_22,
          vaults_dpeg_diagonal, v_misc_29, v_misc_12, ontoclasm_vaults_hangar,
          vaults_room_pools, v_misc_17, grunt_vaults_bifocal,
          ontoclasm_vaults_decontamination, vaults_room_grunt_arrival_ludios,
          v_misc_13, layout_vaults_maze_bifur
Vaults:2: nicolae_vaults_yaktaur_gun_rack, nicolae_vaults_ninety_degrees,
          ontoclasm_vaults_ligature, nicolae_vaults_stairing_the_circle,
          v_misc_10, vaults_mumra_minichess_inversion, v_misc_4,
          nicolae_vaults_specimen_jars, hangedman_vaults_corner_blocks,
          nicolae_vaults_rhombus_6, nicolae_vaults_little_squares_6,
          vaults_dpeg_encased_lava, layout_vaults_omnicross, basic_altar
Vaults:3: nicolae_vaults_mini_display_case, hangedman_vaults_locks,
          blue_anna_dwarven_crypt, v_misc_15, ontoclasm_vaults_hangar,
          ontoclasm_vaults_gateway, ontoclasm_vaults_chip,
          nicolae_vaults_network_barrier, vaults_room_large_hall, v_misc_29,
          ontoclasm_vaults_pinch, v_misc_26, vaults_dpeg_hooks,
          layout_vaults_chaotic_city
Abyss:2:  base: Vaults:1, bh_abyss_xom_lugonu_altar,
          hangedman_abyss_or_decor_clamps, guppyfry_abyss_exit_glass_guarded

Skill      XL: |  1  2  3  4  5  6  7  8  9 10 11 12 13 14 15 16 17 18 19 |
---------------+----------------------------------------------------------+-----
Maces & Flails | 3 4 5 6 7 9 11 14 16 18 20 23 | 23.4
Fighting       | 9 13 16 17 19 20 | 20.2
Armour         | 9 12 13 14 17 18 | 18.1
Shields        | 10 13 15 | 15.0
Evocations     | 7 |  7.2
Dodging        | 7 |  7.0

Action                   |  1- 3 |  4- 6 |  7- 9 | 10-12 | 13-15 | 16-18 | 19-21 || total
-------------------------+-------+-------+-------+-------+-------+-------+-------++-------
Melee: Flail             |    95 |   172 |   346 |   906 |  1075 |    10 |       ||  2604
       Headbutt          |    11 |    26 |    54 |   174 |   348 |   346 |    53 ||  1012
       Morningstar       |       |       |       |       |   641 |  1583 |   247 ||  2471
Throw: Boomerang         |       |       |       |     3 |       |     2 |       ||     5
Invok: Berserk           |       |       |     2 |    12 |    36 |    31 |     4 ||    85
       Trog's Hand       |       |       |       |    19 |    19 |     2 |     1 ||    41
       Brothers in Arms  |       |       |       |       |     1 |     3 |     1 ||     5
Evoke: Wand              |       |       |       |       |     1 |    55 |       ||    56
  Use: Scroll            |       |       |     9 |    10 |    18 |     5 |     1 ||    43
       Potion            |       |       |     3 |     3 |     2 |     9 |     3 ||    20
 Stab: Invisible         |       |       |     2 |       |       |       |       ||     2
Armor: Scale mail        |    24 |       |       |       |       |       |       ||    24
       Ring mail         |    15 |    63 |     1 |       |       |       |       ||    79
       Plate armour      |       |       |   180 |   606 |  1079 |   971 |   122 ||  2958
Dodge: Dodged            |    27 |    48 |    45 |   177 |   310 |   424 |    64 ||  1095
Block: Kite shield       |    38 |    91 |   144 |   454 |   881 |  1029 |   158 ||  2795

Table legend: (Time is in decaauts)
 A = Elapsed time spent in this place.
 B = Non-inter-level travel time spent in this place.
 C = Inter-level travel time spent in this place.
 D = Time resting spent in this place.
 E = Time spent auto-exploring this place.
 F = Levels seen in this place.
 G = Mean time per level.
                   A        B        C        D        E       F      G
               +--------+--------+--------+--------+--------+-----+--------+
         Total |  83892 |  81182 |   2710 |  44325 |  17303 |  34 | 2467.4 |
       Dungeon |  32135 |  30641 |   1494 |  15322 |   8736 |  15 | 2142.3 |
          Lair |  19903 |  19274 |    629 |  11968 |   4109 |   6 | 3317.2 |
         Swamp |   2374 |   2311 |     63 |   1028 |    950 |   3 |  791.3 |
   Spider Nest |  11028 |  10815 |    213 |   6677 |   2288 |   4 | 2757.0 |
  Orcish Mines |   5799 |   5572 |    227 |   2898 |    635 |   2 | 2899.5 |
        Vaults |  11976 |  11895 |     81 |   6117 |    583 |   3 | 3992.0 |
         Abyss |    674 |    674 |      0 |    312 |      0 |   1 |  674.0 |
               +--------+--------+--------+--------+--------+-----+--------+

Top non-repeatable levels by time:
    D:14: 5861 daAuts
Spider:3: 5678 daAuts
  Lair:5: 4937 daAuts
Vaults:1: 4749 daAuts
  Lair:4: 4338 daAuts
Vaults:2: 4137 daAuts
    D:11: 3881 daAuts
  Lair:6: 3312 daAuts
   Orc:2: 3251 daAuts
Vaults:3: 3089 daAuts
  Lair:2: 3055 daAuts
    D:12: 2881 daAuts
     D:8: 2725 daAuts
   Orc:1: 2547 daAuts
  Lair:1: 2435 daAuts
